 Dungeon Crawl Stone Soup version 0.30-a0-852-g08b95dd62f (webtiles) character file.

Game seed: 4376414177223834619

84 jimonade the Magician (level 4, -3/29 (33) HPs)
             Began as a Djinni Warper on Mar 5, 2023.
             Slain by a gnoll
             ... wielding a +0 whip
              (5 damage)
             ... on level 3 of the Dungeon.
             The game lasted 00:05:17 (2690 turns).

jimonade the Magician (Djinni Warper)               Turns: 2690, Time: 00:05:17

HP:   -3/29 (33)    AC:  4    Str: 12    XL:     4   Next: 72%
Gold: 114           EV: 12    Int: 15    God:
                    SH:  0    Dex: 12

rFire   + + +      SeeInvis .    a - +1 whip (elec)
rCold   x . .      Faith    +    (no shield)
rNeg    . . .      Spirit   .    b - +0 leather armour
rPois   ∞          Reflect  .    k - +0 helmet
rElec   .          Rampage  .    (no cloak)
rCorr   .                        (no gloves)
Will    .....                    (boots unavailable)
Stlth   +                        g - amulet of faith
HPRegen 0.24/turn                r - ring of protection from fire
MPRegen 0.00/turn                (no ring)

@: flying, heavily drained
A: sickness immunity, fire resistance 2, cold vulnerability 1, float, innate
caster, HP casting, extra vitality 1
a: no special abilities


You were on level 3 of the Dungeon.
You visited 1 branch of the dungeon, and saw 3 of its levels.

You collected 114 gold pieces.

Inventory:

Hand Weapons
 a - a +1 whip of electrocution (weapon)
 i - a +0 whip
 o - a +1 mace of holy wrath
 q - a +0 short sword
Missiles
 d - 7 boomerangs of dispersal
Armour
 b - a +0 leather armour (worn)
 k - a +0 helmet (worn)
 n - a +0 ring mail
Jewellery
 g - an amulet of faith (around neck)
 r - a ring of protection from fire (left hand)
Scrolls
 c - 2 scrolls of blinking
 e - 2 scrolls of identify {unknown}
 h - a scroll of noise {unknown}
 j - a scroll of summoning {unknown}
 m - a scroll of fear {unknown}
Potions
 f - a potion of curing {unknown}
 l - a potion of invisibility {unknown}
 p - a potion of might {unknown}
 s - a potion of flight {unknown}


   Skills:
 + Level 2.2 Fighting
 + Level 2.0 Short Blades
 + Level 0.1 Maces & Flails
 + Level 0.7 Throwing
 + Level 1.6 Armour
 + Level 2.8 Dodging
 + Level 0.1 Stealth
 * Level 3.3 Spellcasting


You knew the following spells:

 Your Spells              Type           Power      Damage    Failure   Level
a - Blink                 Tloc           24%        N/A       10%         2
b - Lesser Beckoning      Tloc           24%        N/A       10%         2
c - Vhi's Electric Charg  Tloc/Air       24%        N/A       19%         3
d - Teleport Other        Tloc           12%        N/A       19%         3
e - Manifold Assault      Tloc           12%        N/A       52%         4
f - Kiss of Death         Conj/Necr      48%        2d9       6%          1
Your spell library was empty.

Dungeon Overview and Level Annotations

Branches:
Dungeon (3/15)

Altars:

Shops:
D:1 [   D:2 (


Innate Abilities, Weirdness & Mutations

You are immune to sickness and miasma.
You are immune to poison.
Your flesh is very heat resistant. (rF++)
You are vulnerable to cold. (rC-)
You float through the air rather than walking.
You learn spells naturally, not from books.
Your magical power is your life essence.
You have superior vitality. (+4 MHP)


Message History

The adder is severely wounded.
The adder barely misses you.
You miss the adder.
The adder is severely wounded.
The adder closely misses you. The adder barely misses you.
You hit the adder.
The adder is almost dead.
The adder bites you. The adder barely misses you.
You miss the adder.
The adder is almost dead.
The adder closely misses you.
You hit the adder. Lightning courses through the adder!
You kill the adder!
You hit the hobgoblin. Your punch misses the hobgoblin.
The hobgoblin is moderately wounded.
The hobgoblin closely misses you. The hobgoblin blocks your attack.
The hobgoblin is moderately wounded.
The gnoll hits you from afar with a +0 halberd.
The hobgoblin hits you but does no damage.
A gnoll comes into view. It is wielding a +0 flail.
The gnoll shouts!
You hit the hobgoblin.
You kill the hobgoblin!
You see here a +0 hand axe.
There is an open door here.
You closely miss the gnoll. The gnoll closely misses you.
You barely miss the gnoll. The gnoll completely misses you.
The gnoll misses you.
You hit the gnoll.
The gnoll is moderately wounded.
The gnoll hits you from afar with a +0 halberd!
The gnoll hits you with a +0 whip. The gnoll misses you.
The gnoll hits you but does no damage.
You hit the gnoll.
The gnoll is heavily wounded.
The gnoll hits you from afar with a +0 halberd!
* * * LOW HITPOINT WARNING * * *
The gnoll hits you with a +0 whip.
You die...

#.#####.# #.#
###.###### #g#
#..).....# #.#
#........########
###.####g#
#........'.......
..>...)gg#
#.gg.....########
##...###.#
###g####.# #. #.#
#g# #†# # ..#
#@####.# .#.#
....###......#....#
.........#......#
###.###...#.####.#
.####..#....# #
#....#..#.# ...
##....# # ##.##
#.....#.#.. #...#
### #.........#


You could see 4 gnolls.

Vanquished Creatures
  2 adders (D:3)
  3 dart slugs
  7 ball pythons
  9 endoplasms
  5 goblins
  3 hobgoblins
  3 jackals (D:3)
  3 quokkas (D:2)
  7 bats
  6 frilled lizards
  4 kobolds
  5 rats
57 creatures vanquished.

Notes
Turn   | Place    | Note
-------+----------+-------------------------------------------
     0 | D:1      | jimonade the Djinni Warper began the quest for the Orb.
     0 | D:1      | jimonade set off with the following spells memorised:
                  | Blink, Lesser Beckoning, Vhi's Electric Charge, Teleport
                  | Other, Manifold Assault.
     0 | D:1      | Reached XP level 1. HP: 18/18 MP: 0/0
    67 | D:1      | Found Lemi Foa's Antique Armour Shop.
   182 | D:1      | Reached XP level 2. HP: 10/23 MP: 0/0
   319 | D:1      | Reached skill level 3 in Spellcasting
   504 | D:1      | Reached XP level 3. HP: 28/28 MP: 0/0
   504 | D:1      | Learned a level 1 spell: Kiss of Death
  1685 | D:2      | Found Zutuv's Weapon Shop.
  2302 | D:2      | Reached XP level 4. HP: 32/33 MP: 0/0
  2690 | D:3      | Slain by a gnoll

Illustrated notes

Levels and vault maps discovered:
D:1:      scummos_arrival_simple_fountains, layout_basic, serial_shops,
          nicolae_shop_overgrown_old_shop, glass_columns_a
D:2:      layout_basic, serial_shops, nicolae_shop_bloodbath_and_beyond,
          minmay_pentomino_t2
D:3:      layout_basic, uniq_robin

Skill      XL: |  1  2  3 |
---------------+----------+-----
Spellcasting   | 3 |  3.3
Short Blades   | 2 |  2.0
Fighting       | |  2.2
Maces & Flails | |  0.1
Throwing       | |  0.7
Armour         | |  1.6
Dodging        | |  2.8
Stealth        | |  0.1

Action                     |  1- 3 |  4- 6 || total
---------------------------+-------+-------++-------
  Melee: Short sword       |   174 |    20 ||   194
         Punch             |     1 |     1 ||     2
         Whip              |       |    36 ||    36
   Cast: Kiss of Death     |       |     1 ||     1
   Stab: Sleeping          |     2 |       ||     2
 Armour: Leather armour    |    40 |    18 ||    58
  Dodge: Dodged            |   113 |    44 ||   157

Table legend: (Time is in decaauts)
 A = Elapsed time spent in this place.
 B = Non-inter-level travel time spent in this place.
 C = Inter-level travel time spent in this place.
 D = Time resting spent in this place.
 E = Time spent auto-exploring this place.
 F = Levels seen in this place.
 G = Mean time per level.
                   A        B        C        D        E       F      G
               +--------+--------+--------+--------+--------+-----+--------+
         Total |   2676 |   2502 |    174 |      5 |   1954 |   3 |  892.0 |
       Dungeon |   2676 |   2502 |    174 |      5 |   1954 |   3 |  892.0 |
               +--------+--------+--------+--------+--------+-----+--------+

Top non-repeatable levels by time:
     D:1: 1295 daAuts
     D:2: 1124 daAuts
     D:3: 256 daAuts
